 Seeded DCSS version 0.27-a0-1384-g1422d76b99 (webtiles) character file.

Game seed: 12507950344140203922 (custom seed)

78157 flotson the Covert (level 15, 0/108 HPs)
             Began as an Octopode Brigand on July 1, 2021.
             Was an Initiate of Gozag.
             Slain by a red devil (10 damage)
             ... summoned by an orc high priest
             ... while paralysed by an orc sorcerer
             ... on level 2 of the Orcish Mines.
             The game lasted 01:22:32 (34885 turns).

flotson the Covert (Octopode Brigand)              Turns: 34885, Time: 01:22:33

Health: 0/108      AC:  5    Str: 26    XL:     15   Next: 59%
Magic:  0/19       EV:  2    Int: 21    God:    Gozag
Gold:   4147       SH:  0    Dex: 13    Spells: 11/20 levels left

rFire    + . .     SeeInvis .   a - +0 war axe (venom)
rCold    + + .     Faith    .   C - +2 tower shield {reflect}
rNeg     . . .     Spirit   +   (helmet restricted)
rPois    +         Reflect  +   z - amulet of guardian spirit
rElec    .         Harm     .   j - ring of protection from cold
rCorr    +         Rampage  .   v - ring of poison resistance
Will     +....                  Q - ring "Syijiy" {rCorr Int+4 Stlth+}
Stlth    +++++++...             K - ring of protection from fire
HPRegen  0.28/turn              n - +4 ring of protection
MPRegen  0.16/turn              U - ring of Hodot {rC+ rCorr Str+4 Int+2 Slay+4}
                                f - +4 ring of evasion
                                B - +6 ring of strength

@: paralysed, studying 2 skills
A: almost no armour, amphibious, 8 rings, camouflage 1, gelatinous body 1,
(nimble swimmer 1), tentacles
a: Renounce Religion, Potion Petition, Call Merchant, Bribe Branch


You were on level 2 of the Orcish Mines.
You worshipped Gozag.
Gozag was most pleased with you.
You visited 4 branches of the dungeon, and saw 21 of its levels.
You visited the Abyss 1 time.
You visited 1 bazaar.
You also visited: Sewer and Ossuary.

You collected 7009 gold pieces.
You spent 2776 gold pieces at shops.
You paid 86 gold pieces to Gozag.

Inventory:

Hand Weapons
 a - a +0 war axe of venom (weapon)
 b - the +9 hunting sling "Pared" {venom, Int+3}
   (You bought it in a shop in a bazaar)

   It poisons the ammo it fires.
   Int:       It affects your intelligence (+3).
 c - the +6 dagger of Qazlal's Esteem {vorpal, +Blink rC- Stlth+}
   (You took it off a gnoll on level 8 of the Dungeon)

   It inflicts extra damage upon your enemies.
   rC:        It makes you vulnerable to cold.
   +Blink:    It lets you blink.
   Stlth:     It makes you more stealthy.
 r - the +11 trident "Luuniv" {vorpal, rF- rC+ Dex+6}
   (You bought it in a shop on level 2 of the Orcish Mines)

   It inflicts extra damage upon your enemies.
   Dex:       It affects your dexterity (+6).
   rF:        It makes you vulnerable to fire.
   rC:        It protects you from cold.
Missiles
 k - 12 sling bullets
 l - a javelin (quivered)
 u - 4 datura-tipped darts
 I - 19 curare-tipped darts
 M - 9 throwing nets
Armour
 C - a +2 tower shield of reflection (worn)
Jewellery
 f - a +4 ring of evasion (on tentacle)
 j - a ring of protection from cold (left tentacle)
 n - a +4 ring of protection (on tentacle)
 v - a ring of poison resistance (right tentacle)
 z - an amulet of guardian spirit (around mantle)
 B - a +6 ring of strength (on tentacle)
 K - a ring of protection from fire (on tentacle)
 Q - the ring "Syijiy" (on tentacle) {rCorr Int+4 Stlth+}
   (You found it on level 6 of the Lair of Beasts)

   [ring of resist corrosion]

   Int:       It affects your intelligence (+4).
   rCorr:     It protects you from acid and corrosion.
   Stlth:     It makes you more stealthy.
 U - the ring of Hodot (on tentacle) {rC+ rCorr Str+4 Int+2 Slay+4}
   (You bought it in a shop on level 3 of the Dungeon)

   [ring of resist corrosion]

   Str:       It affects your strength (+4).
   Int:       It affects your intelligence (+2).
   Slay:      It affects your accuracy & damage with ranged weapons and melee
   (+4).
   rC:        It protects you from cold.
   rCorr:     It protects you from acid and corrosion.
Wands
 e - a wand of acid (15)
 g - a wand of polymorph (5)
 w - a wand of digging (6)
 N - a wand of flame (29)
 X - a wand of charming (13)
 Z - a wand of iceblast (42)
Scrolls
 d - a scroll of fog
 h - 8 scrolls of fear
 i - a scroll of silence
 o - 2 scrolls of enchant armour
 p - 6 scrolls of enchant weapon
 x - 5 scrolls of immolation
 y - 2 scrolls of brand weapon
 D - 2 scrolls of vulnerability
 H - a scroll of magic mapping
 L - a scroll of identify
 P - a scroll of holy word
 V - 5 scrolls of teleportation
 Y - 2 scrolls of blinking
Potions
 m - 3 potions of curing
 q - 9 potions of flight
 s - 3 potions of magic
 t - 5 potions of haste
 A - 2 potions of resistance
 E - 3 potions of attraction
 F - 4 potions of lignification
 G - 5 potions of might
 J - 3 potions of mutation
 O - 10 potions of ambrosia
 R - a potion of berserk rage
 S - a potion of cancellation
 T - 2 potions of heal wounds
Miscellaneous
 W - a condenser vane


   Skills:
 + Level 11.9 Fighting
 - Level 2.0 Short Blades
 + Level 6.4 Axes
 + Level 11.9 Throwing
 + Level 11.8 Dodging
 - Level 12.0 Stealth
 + Level 11.0 Shields
 - Level 3.0 Spellcasting
 - Level 4.0 Transmutations
 - Level 2.0 Ice Magic
 - Level 4.0 Poison Magic
 + Level 11.9 Evocations


You had 11 spell levels left.
You knew the following spells:

 Your Spells              Type           Power      Damage    Failure   Level
a - Spider Form           Tmut/Pois      9%         N/A       43%         3
b - Wereblood             Tmut           19%        N/A       24%         2
c - Ice Form              Ice/Tmut       15%        N/A       93%         4

Your spell library contained the following spells:

 Spells                   Type           Power      Damage    Failure   Level
 Beastly Appendage        Tmut           38%        N/A       16%         1
 Freeze                   Ice            44%        1d6       34%         1
 Magic Dart               Conj           12%        1d3       63%         1
 Summon Small Mammal      Summ           12%        N/A       63%         1
 Ensorcelled Hibernation  Hex/Ice        14%        N/A       63%         2
 Frozen Ramparts          Ice            22%        1d4       71%         3
 Ozocubu's Armour         Ice            11%        N/A       71%         3
 Call Imp                 Summ           3%         N/A       77%         2
 Searing Ray              Conj           6%         3d3       77%         2
 Call Canine Familiar     Summ           3%         N/A       94%         3
 Dazzling Flash           Conj/Hex       6%         N/A       94%         3
 Summon Guardian Golem    Hex/Summ       3%         N/A       94%         3
 Hailstorm                Conj/Ice       7%         3d4       99%         4
 Summon Ice Beast         Ice/Summ       7%         N/A       99%         4
 Fulminant Prism          Conj/Hex       1%         3d6       100%        4
 Iskenderun's Mystic Bla  Conj/Tloc      3%         2d3       100%        4
 Summon Lightning Spire   Summ/Air       3%         N/A       100%        4
 Borgnjor's Vile Clutch   Necr/Erth      1%         N/A       100%        5
 Metabolic Englaciation   Hex/Ice        3%         N/A       100%        5
 Silence                  Hex/Air        1%         N/A       100%        5
 Shadow Creatures         Summ           N/A        N/A       100%        6
 Animate Armour           Summ/Erth      Unusable   N/A       N/A         4

Dungeon Overview and Level Annotations

Branches:
Dungeon (12/15)            Temple (1/1) D:5            Lair (6/6) D:11
 Shoals (0/4) Lair:2       Spider (0/4) Lair:3        Slime (0/5) Lair:5
    Orc (2/2) D:12            Elf (0/3) Orc:2         Sewer (visited)
Ossuary (visited)

Altars:
Ashenzari
Cheibriados
Dithmenos
Elyvilon
Fedhas
Gozag
Hepliaklqana
Kikubaaqudgha
Makhleb
Nemelex Xobeh
Okawaru
Qazlal
Ru
Sif Muna
Trog
Uskayaw
Vehumet
Wu Jian
Xom
Yredelemnul
Zin
The Shining One
Jiyva

Shops:
D:3 (=[=*   D:9 [   D:11 [!!?   Orc:2 *(:

Annotations:
D:10 1 runed translucent door, mojowtm's ghost, journeyman TeAE
Lair:3 2 transporters, Feulaj's ghost, journeyman MiBe
Abyss:1 Prince Ribbit


Innate Abilities, Weirdness & Mutations

You cannot wear most types of armour.
You are amphibious.
You can wear up to eight rings at the same time.
Your skin changes colour to match your surroundings (Stealth+).
Your rubbery body absorbs attacks. (AC +1, EV +1)
((You are camouflaged near water. (Stealth+)))
You have tentacles for arms and can constrict up to eight enemies at once.


Message History

Something tries to feed on your intellect!
The orc high priest prays to Beogh.
The orc sorcerer casts a spell at you.
The bolt of fire hits the red devil.
The red devil completely resists.
The bolt of fire hits you! You resist.
The orc hits you from afar with a +0 trident.
The neqoxec gestures at you.
Something tries to feed on your intellect!
The orc warlord roars a battlecry!
The orc goes into a battle-frenzy!
You hear a shout! x2
The orc high priest says, "Your suffering will cleanse you of your heresy."
The orc sorcerer gestures wildly while chanting.
The orc hits you from afar with a +0 trident!
The orc high priest hits you with a +0 flail!
The orc hits you from afar with a +0 trident.
The red devil hits you from afar with a +0 trident of protection.
The orc hits you with a +0 dagger.
The orc warlord roars a battlecry!
The orc knight roars a battlecry!
The orc warlord goes into a battle-frenzy!
The orc high priest hits you with a +0 flail.
The orc barely misses you.
The red devil hits you from afar with a +0 trident of protection!
You hear a shout! x3
The orc hits you with a +0 dagger. The orc hits you with a +0 short sword.
The orc barely misses you.
The orc warrior hits you but does no damage.
The red devil hits you from afar with a +0 trident of protection!!
* * * LOW HITPOINT WARNING * * *
The orc hits you with a +0 dagger.
* * * LOW HITPOINT WARNING * * *
The orc knight roars a battlecry!
The orc hits you with a +0 short sword.
* * * LOW HITPOINT WARNING * * *
The orc high priest hits you with a +0 flail!
* * * LOW HITPOINT WARNING * * *
The orc warrior throws a boomerang.
The boomerang hits you!
* * * LOW HITPOINT WARNING * * *
The red devil hits you from afar with a +0 trident of protection!
You die...
Your body crumbles into a pile of gold.

###.......∩..................oo
$ #.....#...#..#............# o
#......#.#.............#.###o
............................##
............#.......<.#......#
..##........##.#..oo(.........
##..#...##...o...........o.
####..####o44o..........o#
#....##@.oo..#......4...
#......oooo...))#.......
..^..##...#....)#..∩4o.. #.#.
##.#.#.#.#..o....o #
#)....##.)#.o.....
##.#.##...........
#######..#....... #####......
##........


You could see an orc warlord (strong), an orc knight (strong), an orc high
priest (strong), a hellwing (summoned), an orc sorcerer (strong), a red devil
(summoned), an orc warrior (strong), an orc wizard (strong) and 5 orcs.

Vanquished Creatures
  A dire elephant (Lair:6)
  An ettin (Abyss:3)
  9 hydras
  Josephine (D:11)
  A boulder beetle (Lair:6)
  Erica (D:11)
  3 two-headed ogres
  6 death yaks (Lair:5)
  A thrashing horror (Abyss:3)
  A hell knight (Abyss:3)
  Sonja (D:11)
  A fire crab (shapeshifter) (D:9)
  Pikel (D:6)
  2 large abominations (Abyss:3)
  3 orc sorcerers
  An orb spider (Lair:3)
  3 oklob plants (Lair:4)
  29 elephants
  Joseph (D:8)
  7 black mambas
  Maurice (D:11)
  10 cane toads
  A smoke demon (Abyss:3)
  2 torpor snails (Lair:6)
  A gargoyle (D:12)
  10 komodo dragons
  Maggie (D:6)
  10 polar bears
  An ancient zyme (Abyss:3)
  2 trolls
  A queen bee (Lair:1)
  4 raiju (Lair:6)
  A tyrant leech (Lair:6)
  A hornet (Lair:4)
  17 blink frogs
  4 slime creatures (D:12)
  6 dream sheep (Lair:6)
  A vampire (D:9)
  7 wyverns
  36 yaks
  4 wraiths
  2 basilisks
  Eustachio (D:6)
  A neqoxec (Abyss:3)
  4 steam dragons
  3 vampire mosquitoes (D:11)
  6 wargs (Lair:6)
  The ghost of lmSkywalker the Insei, an amateur OpTm (D:3)
  4 swamp worms (Lair:6)
  11 hell hounds (Lair:6)
  16 water moccasins
  5 sky beasts
  A necrophage (D:4)
  10 orc warriors
  12 black bears
  37 wolves
  3 centaurs
  A lemure (D:6)
  2 phantoms (D:5)
  9 kobold brigands
  Blork the orc (D:6)
  6 elf zombies (Ossuary)
  9 bullfrogs
  2 scorpions
  4 gnoll sergeants (D:8)
  A water moccasin zombie (D:5)
  23 killer bees (Lair:1)
  8 howler monkeys
  6 electric eels
  2 jellies
  5 centaur zombies
  4 lava snakes (D:11)
  3 starcursed masses (Abyss:3)
  3 small abominations (Abyss:3)
  3 human zombies
  6 gnoll shamans
  2 orc priests
  10 hounds
  A bullfrog skeleton (D:6)
  Natasha (thrice) (D:4)
  2 iguanas
  16 orc wizards
  A killer bee zombie (D:8)
  A hound zombie (D:5)
  3 mummies (Ossuary)
  2 howler monkey zombies
  Robin (D:4)
  A howler monkey skeleton (D:5)
  10 adders
  52 gnolls
  A river rat (Sewer)
  2 white imps
  3 ufetubi
  A worm (D:2)
  A dart slug (D:1)
  32 orcs
  4 bats
  10 endoplasms
  A giant cockroach (D:2)
  A gnoll zombie (D:8)
  17 goblins
  11 hobgoblins
  11 jackals
  23 kobolds
  9 quokkas
  5 ball pythons
  2 frilled lizards (D:3)
  5 rats
654 creatures vanquished.

Vanquished Creatures (collateral kills)
  A tentacled starspawn (Abyss:3)
  3 thrashing horrors (Abyss:3)
  2 starspawn tentacles (Abyss:3)
6 creatures vanquished.

Vanquished Creatures (others)
  2 demonic plants (Abyss:3)
  26 fungi
  36 plants
  3 starspawn tentacles (Abyss:3)
67 creatures vanquished.

Grand Total: 727 creatures vanquished

Notes
Turn   | Place    | Note
-------+----------+-------------------------------------------
     0 | D:1      | flotson the Octopode Brigand began the quest for the Orb.
     0 | D:1      | Reached XP level 1. HP: 14/14 MP: 1/1
    79 | D:1      | Reached XP level 2. HP: 6/19 MP: 2/2
   693 | D:1      | Reached XP level 3. HP: 15/25 MP: 3/3
  1461 | D:2      | Reached XP level 4. HP: 8/30 MP: 4/4
  1623 | D:2      | Reached skill level 6 in Stealth
  1727 | D:2      | Learned a level 3 spell: Spider Form
  1747 | D:2      | Found a white marble altar of Elyvilon.
  1752 | D:2      | Found a faded altar of an unknown god.
  2294 | D:3      | Found Okono's General Store.
  2301 | D:3      | Bought a potion of curing for 39 gold pieces
  2301 | D:3      | Bought a scroll of identify for 26 gold pieces
  2301 | D:3      | Bought a scroll of identify for 26 gold pieces
  2315 | D:3      | Found Gudo's Jewellery Emporium.
  2318 | D:3      | Found Giobazaj's Armour Emporium.
  2390 | D:3      | Found Poruim's Jewellery Shoppe.
  2714 | D:3      | Reached XP level 5. HP: 22/36 MP: 5/5
  2872 | D:3      | Found a glowing drain.
  2886 | Sewer    | Entered a sewer
  3018 | Sewer    | Noticed a kobold brigand
  3037 | Sewer    | Reached skill level 1 in Transmutations
  3037 | Sewer    | Reached skill level 1 in Poison Magic
  3081 | Sewer    | Noticed a kobold brigand
  3241 | Sewer    | Killed a kobold brigand
  3242 | Sewer    | Reached skill level 1 in Spellcasting
  3242 | Sewer    | Reached XP level 6. HP: 13/42 MP: 5/7
  3812 | Sewer    | Reached XP level 7. HP: 33/46 MP: 9/9
  3916 | Sewer    | HP: 2/46 [poisoned by kobold brigand (curare-tipped dart)]
  4980 | D:3      | Reached skill level 7 in Stealth
  5169 | D:3      | You fall into a shaft and drop 1 floor!
  5186 | D:4      | Learned a level 2 spell: Wereblood
  5280 | D:4      | Learned a level 4 spell: Ice Form
  5299 | D:4      | Noticed Natasha
  5305 | D:4      | Killed Natasha
  5700 | D:4      | Noticed Robin
  5731 | D:4      | Killed Robin
  6148 | D:4      | Noticed Natasha
  6191 | D:3      | Found Ymunt's Weapon Boutique.
  6283 | D:3      | Found a runed translucent gate.
  6284 | D:3      | Found a runed translucent gate.
  6287 | D:3      | Found a runed translucent gate.
  6291 | D:3      | Noticed lmSkywalker's ghost (amateur OpTm)
  6486 | D:4      | Killed Natasha
  6487 | D:4      | Reached XP level 8. HP: 25/54 MP: 11/11
  6827 | D:4      | Noticed Natasha
  6836 | D:4      | Killed Natasha
  7533 | D:5      | Entered Level 5 of the Dungeon
  7700 | D:5      | Reached skill level 1 in Ice Magic
  8579 | D:5      | Found a staircase to the Ecumenical Temple.
  8588 | Temple   | Entered the Ecumenical Temple
  8686 | Temple   | Became a worshipper of Gozag Ym Sagoz the Greedy
  9196 | D:5      | Found a staircase to the Ecumenical Temple.
  9675 | D:6      | Noticed Eustachio
  9684 | D:6      | Killed Eustachio
  9685 | D:6      | Reached skill level 8 in Stealth
  9816 | D:6      | Reached XP level 9. HP: 59/59 MP: 13/13
  9988 | D:6      | Noticed Blork the orc
  9999 | D:6      | Killed Blork the orc
 10374 | D:3      | Bought a +2 tower shield of reflection for 203 gold pieces
 10559 | D:3      | Killed lmSkywalker's ghost
 10562 | D:3      | Reached skill level 5 in Throwing
 10562 | D:3      | Reached skill level 1 in Shields
 10564 | D:3      | HP: 1/60 [kobold (5)]
 10932 | D:3      | Bought a scroll of magic mapping for 45 gold pieces
 10932 | D:3      | Bought a scroll of teleportation for 39 gold pieces
 11042 | D:6      | Reached skill level 5 in Fighting
 11204 | D:6      | Noticed Pikel
 11215 | D:6      | Killed Pikel
 11216 | D:6      | Reached skill level 5 in Dodging
 11216 | D:6      | Reached skill level 9 in Stealth
 11448 | D:6      | Noticed Maggie
 11473 | D:6      | Killed Maggie
 11658 | D:6      | Found a shimmering blue altar of Sif Muna.
 11738 | D:6      | Found a glowing silver altar of Zin.
 11738 | D:6      | Found a hazy altar of Hepliaklqana.
 11900 | D:7      | Identified the +6 long sword "Kaxef" {vorpal, rF+ Dex+3}
 12008 | D:7      | Reached XP level 10. HP: 36/68 MP: 12/14
 12661 | D:8      | Noticed Joseph
 12666 | D:8      | Found a sand-covered staircase.
 12678 | Ossuary  | Entered an ossuary
 12707 | Ossuary  | Reached skill level 10 in Stealth
 13205 | D:8      | Killed Joseph
 13725 | D:3      | Bought a +4 ring of protection for 360 gold pieces
 13858 | D:8      | Noticed Prince Ribbit
 13867 | D:8      | Banished Prince Ribbit
 14221 | D:8      | Identified the +7 hunting sling "Waur" {speed, rElec Str-3
                  | Int+2 Dex+4}
 15090 | D:8      | Identified the +6 dagger of Qazlal's Esteem {vorpal, +Blink
                  | rC- Stlth+}
 15251 | D:8      | Reached skill level 11 in Stealth
 15457 | D:8      | Reached skill level 5 in Shields
 15931 | D:8      | Reached XP level 11. HP: 28/75 MP: 10/15
 16791 | D:3      | Bought the ring of Hodot {rC+ rCorr Str+4 Int+2 Slay+4} for
                  | 634 gold pieces
 16988 | D:9      | Found Peif's Antique Armour Emporium.
 17130 | D:9      | Noticed a two-headed ogre
 17348 | D:9      | Noticed a fire crab
 17348 | D:9      | a meliai changed into a fire crab
 17352 | D:9      | Killed a fire crab
 17920 | D:9      | Killed a two-headed ogre
 17972 | D:9      | Reached skill level 12 in Stealth
 18148 | D:10     | Entered Level 10 of the Dungeon
 18167 | D:10     | Found a runed translucent door.
 18174 | D:10     | Noticed mojowtm's ghost (journeyman TeAE)
 18304 | D:10     | Noticed a two-headed ogre
 18304 | D:10     | Noticed a centaur warrior
 18400 | D:10     | Killed a two-headed ogre
 18526 | D:10     | Banished a centaur warrior
 18700 | D:10     | Found a bloodstained altar of Trog.
 18885 | D:11     | Found Togyedgh's Distillery.
 18890 | D:11     | Found Ylousal's Magic Scroll Shoppe.
 18901 | D:11     | Noticed Erica
 18910 | D:11     | Killed Erica
 18911 | D:11     | Reached XP level 12. HP: 70/84 MP: 16/16
 18916 | D:11     | Found Eczif's Antique Armour Emporium.
 18928 | D:11     | Found a flickering gateway to a bazaar.
 18948 | Bazaar   | Entered a bazaar
 19008 | Bazaar   | Found Zueh's Antique Weapon Boutique.
 19017 | Bazaar   | Found Xagheruo's Assorted Antiques.
 19025 | Bazaar   | Bought a bubbling dark potion for 16 gold pieces
 19040 | Bazaar   | Found Karuumiu's Distillery.
 19048 | Bazaar   | Bought a potion of berserk rage for 35 gold pieces
 19048 | Bazaar   | Bought a potion of degeneration for 7 gold pieces
 19049 | Bazaar   | Found Sutulah's Jewellery Shop.
 19054 | Bazaar   | Found Seim's Magic Scroll Shoppe.
 19085 | Bazaar   | Bought a jewelled hunting sling for 227 gold pieces
 19085 | Bazaar   | Identified the +9 hunting sling "Pared" {venom, Int+3} (You
                  | bought it in a shop in a bazaar)
 19109 | Bazaar   | Bought 3 scrolls of enchant weapon for 225 gold pieces
 19109 | Bazaar   | Bought a scroll of fog for 20 gold pieces
 19109 | Bazaar   | Bought a scroll of noise for 10 gold pieces
 19117 | D:11     | Cast into level 3 of the Abyss (unwielding a weapon of
                  | distortion)
 19135 | Abyss:3  | Noticed a thrashing horror
 19147 | Abyss:3  | Killed a thrashing horror
 19148 | Abyss:3  | Reached skill level 1 in Evocations
 19233 | Abyss:3  | Noticed a starcursed mass
 19335 | Abyss:3  | Noticed a deep elf elementalist
 19335 | Abyss:3  | Noticed a starcursed mass
 19364 | Abyss:3  | Noticed a hell knight
 19365 | Abyss:3  | Noticed an ettin
 19366 | Abyss:3  | Noticed a hell hog
 19369 | Abyss:3  | Killed an ettin
 19386 | Abyss:3  | Killed a hell knight
 19391 | Abyss:3  | Noticed an ettin
 19406 | Abyss:3  | Noticed a starcursed mass
 19516 | Abyss:3  | Found a corrupted altar of Lugonu.
 19541 | Abyss:3  | Noticed a thrashing horror
 19560 | Abyss:3  | Noticed a bone dragon
 19588 | Abyss:3  | Noticed a thrashing horror
 19588 | Abyss:3  | Noticed a thrashing horror
 19588 | Abyss:3  | Noticed a thrashing horror
 19599 | Abyss:3  | Killed a thrashing horror
 19608 | Abyss:3  | Killed a thrashing horror
 19613 | Abyss:3  | Noticed a tentacled starspawn
 19618 | Abyss:3  | Killed a thrashing horror
 19625 | Abyss:3  | Killed a tentacled starspawn
 19660 | Abyss:3  | Noticed a thrashing horror
 19661 | Abyss:3  | Noticed a thrashing horror
 19662 | Abyss:3  | Noticed a thrashing horror
 19663 | Abyss:3  | Noticed a thrashing horror
 19679 | Abyss:3  | HP: 1/85 [thrashing horror (9)]
 19739 | Abyss:3  | Noticed a white very ugly thing
 19739 | Abyss:3  | Noticed a white very ugly thing
 19739 | Abyss:3  | Noticed a white very ugly thing
 19804 | Abyss:3  | Noticed a starcursed mass
 19812 | Abyss:3  | Noticed a thrashing horror
 19936 | Abyss:3  | Noticed a starcursed mass
 20039 | Abyss:3  | Noticed a tentacled starspawn
 20049 | Abyss:3  | Found a corrupted altar of Lugonu.
 20191 | Abyss:3  | Noticed a starcursed mass
 20250 | Abyss:3  | Noticed a wretched star
 20331 | Abyss:3  | Noticed a starcursed mass
 20332 | Abyss:3  | Noticed a thrashing horror
 20373 | D:11     | Escaped the Abyss
 20791 | D:11     | Noticed Josephine
 20809 | D:11     | Killed Josephine
 21008 | D:11     | Bought a scroll of identify for 22 gold pieces
 21008 | D:11     | Bought a scroll of identify for 22 gold pieces
 21008 | D:11     | Bought a scroll of identify for 22 gold pieces
 21008 | D:11     | Bought a scroll of identify for 22 gold pieces
 21304 | D:11     | Found a staircase to the Lair.
 21324 | D:11     | Noticed Sonja
 21325 | D:11     | Noticed Maurice
 21331 | D:11     | Killed Sonja
 21341 | D:11     | Killed Maurice
 21384 | D:11     | Found Coepax's Distillery.
 21528 | D:3      | Bought a +4 ring of evasion for 504 gold pieces
 21959 | D:11     | Reached XP level 13. HP: 91/91 MP: 17/17
 22028 | Lair:1   | Entered Level 1 of the Lair of Beasts
 22570 | Lair:1   | Reached skill level 5 in Evocations
 23174 | Lair:1   | Identified the amulet of Untruth {Faith *Slow rCorr Dex+8}
 23518 | Lair:2   | Reached skill level 10 in Fighting
 23714 | Lair:2   | Found a staircase to the Shoals.
 23740 | Lair:2   | Identified a scroll of acquirement
 23741 | Lair:2   | Acquired a manual of Evocations
 23793 | Lair:2   | Reached skill level 10 in Throwing
 24079 | Lair:2   | Reached skill level 10 in Dodging
 24905 | Lair:3   | Found a transporter.
 25136 | Lair:3   | Found a hole to the Spider Nest.
 25205 | Lair:3   | Found a bloodstained altar of Trog.
 25205 | Lair:3   | Noticed Feulaj's ghost (journeyman MiBe)
 25222 | Lair:3   | Found a transporter.
 25306 | Lair:3   | You fall into a shaft and drop 3 floors!
 25306 | Lair:6   | Entered Level 6 of the Lair of Beasts
 25319 | Lair:6   | Reached skill level 1 in Axes
 25943 | Lair:6   | Reached XP level 14. HP: 65/99 MP: 17/18
 27079 | Lair:4   | Reached skill level 10 in Shields
 29019 | Lair:5   | Reached skill level 10 in Evocations
 29560 | Lair:5   | Found a viscous altar of Jiyva.
 29561 | Lair:5   | Found a staircase to the Slime Pits.
 29972 | Lair:5   | Reached skill level 5 in Axes
 30449 | Lair:6   | Reached XP level 15. HP: 78/107 MP: 19/19
 30989 | Lair:6   | Identified the ring "Syijiy" {rCorr Int+4 Stlth+}
 33855 | D:12     | Found a staircase to the Orcish Mines.
 33879 | Orc:1    | Entered Level 1 of the Orcish Mines
 34335 | Orc:2    | Entered Level 2 of the Orcish Mines
 34446 | Orc:2    | Found Redwebum's Antique Weapon Emporium.
 34453 | Orc:2    | Bought a jewelled trident for 272 gold pieces
 34453 | Orc:2    | Identified the +11 trident "Luuniv" {vorpal, rF- rC+ Dex+6}
                  | (You bought it in a shop on level 2 of the Orcish Mines)
 34471 | Orc:2    | Found Nysadim's Overcharged Wands.
 34513 | Orc:2    | Found a staircase to the Elven Halls.
 34561 | Orc:2    | Found Povia's Book Boutique.
 34606 | Orc:2    | Noticed an orc warlord
 34879 | Orc:2    | Paralysed by an orc sorcerer for 7 turns
 34885 | Orc:2    | Slain by a red devil

Illustrated notes

Levels and vault maps discovered:
D:1:      dpeg_arrival_refuge, layout_basic
D:2:      layout_rooms, basic_altar, hellmonk_ecumenical_altar_lost_god
D:3:      layout_loops_corners, gammafunk_ghost_nasty_kobolds,
          portal_sewer_entry_d, serial_shops, shop, nicolae_shop_crystal,
          shop_statue, shop_statue, shop
D:4:      layout_cave_pods, uniq_robin, uniq_natasha
D:5:      layout_loops_cross, minmay_temple_entry_poolview, serial_bayou_pond_e
D:6:      layout_loops_cross, lemuel_doored_altar,
          gammafunk_temple_overflow_wave, uniq_maggie, uniq_blork_the_orc,
          uniq_eustachio, uniq_pikel
D:7:      layout_basic
D:8:      layout_cave_pools, enter_ossuary_3, serial_gnoll_camp,
          gnoll_camp_mini_hut, gnoll_camp_huts_moat, gnoll_camp_mini_hut,
          gnoll_camp_mini_basic, gnoll_camp_medium_01, gnoll_camp_medium_02,
          minmay_circle_x, uniq_joseph, uniq_prince_ribbit1
D:9:      layout_irregular_city, serial_shops, shop, mrwooster_statue_mirror,
          chequers_jeans
D:10:     layout_rooms, trog_hazing_becter, hellmonk_ghost_happy_afterlife
D:11:     layout_big_octagon, serial_shops, bzr_entry_lakeside,
          nicolae_shop_trees, shop, kennysheep_little_box, shop,
          dk_noncrumbling_2, minmay_misc_feat_cross, hangedman_misty_isle,
          uniq_maurice, uniq_sonja, uniq_erica, uniq_josephine
D:12:     minmay_weird_star, layout_irregular_city, serial_shops,
          nicolae_shop_crystal, minmay_misc_feat_nine_boxes, uniq_snorg
Temple:   regret_index_temple_mists
Lair:1:   layout_cave_pods, special_room [special_room_bee]
Lair:2:   layout_regular_city, shoals_dummy_entry
Lair:3:   layout_long_grid, nicolae_spider_entry_orb_guardian,
          gammafunk_ghost_wrathful_warriors, hangedman_lair_unloving_vines,
          minivault_26, infiniplex_staircase_pool
Lair:4:   layout_hall_layers, minmay_lair_oklob_chamber
Lair:5:   layout_gridlike, dpeg_slime_entry_enclosed_altar
Lair:6:   hangedman_lair_caniforms_friends, layout_cave_pods, worms_lemuel
Orc:1:    layout_diamond_mine
Orc:2:    st_orc_congregation, layout_caves, serial_shops,
          nicolae_shop_window_shopping, nicolae_shop_crystal, shop, shop, shop,
          nicolae_shop_overcharged_wands

Skill      XL: |  1  2  3  4  5  6  7  8  9 10 11 12 13 14 15 |
---------------+----------------------------------------------+-----
Dodging        | 2 3 4 5 6 8 9 10 11 | 11.8
Stealth        | 6 7 8 9 11 12 | 12.0
Throwing       | 3 4 5 7 8 9 10 11 | 11.9
Transmutations | 1 2 3 4 |  4.0
Poison Magic   | 1 2 3 4 |  4.0
Fighting       | 3 4 5 7 8 9 10 11 | 11.9
Spellcasting   | 1 2 3 |  3.0
Ice Magic      | 2 |  2.0
Shields        | 3 5 7 8 9 10 11 | 11.0
Evocations     | 4 8 10 11 | 11.9
Axes           | 2 5 6 |  6.4
Short Blades   | |  2.0

Action                   |  1- 3 |  4- 6 |  7- 9 | 10-12 | 13-15 || total
-------------------------+-------+-------+-------+-------+-------++-------
Melee: Dagger            |    53 |    72 |   180 |   102 |       ||   407
       Constrict         |    10 |    19 |    49 |    94 |    58 ||   230
       Tentacles         |     8 |    15 |    57 |   116 |   143 ||   339
       Short sword       |       |       |    61 |   417 |       ||   478
       Long sword        |       |       |       |     5 |       ||     5
       War axe           |       |       |       |       |   419 ||   419
 Fire: Hunting sling     |       |       |    63 |    88 |   648 ||   799
Throw: Dart              |       |    41 |    39 |    23 |       ||   103
       Boomerang         |       |       |       |    41 |       ||    41
       Throwing net      |       |       |       |     3 |       ||     3
       Javelin           |       |       |       |       |     9 ||     9
 Cast: Wereblood         |       |       |     1 |       |       ||     1
 Abil: Evoke Blink       |       |       |       |       |     2 ||     2
Evoke: Wand              |       |       |       |     4 |     4 ||     8
       Condenser vane    |       |       |       |       |     1 ||     1
  Use: Scroll            |       |     2 |     5 |    21 |     6 ||    34
       Potion            |       |     1 |     2 |    10 |     2 ||    15
 Stab: Sleeping          |    11 |    12 |    18 |    11 |     9 ||    61
       Distracted        |       |       |       |     4 |     6 ||    10
       Invisible         |       |       |       |     1 |       ||     1
Armor: Skin              |     2 |     5 |    11 |    90 |    94 ||   202
Dodge: Dodged            |    26 |    48 |   118 |   207 |   552 ||   951
Block: Tower shield      |       |       |    56 |   538 |   936 ||  1530
       Reflection        |       |       |     3 |    39 |     6 ||    48

Table legend: (Time is in decaauts)
 A = Elapsed time spent in this place.
 B = Non-inter-level travel time spent in this place.
 C = Inter-level travel time spent in this place.
 D = Time resting spent in this place.
 E = Time spent auto-exploring this place.
 F = Levels seen in this place.
 G = Mean time per level.
                   A        B        C        D        E       F      G
               +--------+--------+--------+--------+--------+-----+--------+
         Total |  35508 |  33335 |   2173 |   3237 |  23636 |  25 | 1420.3 |
       Dungeon |  18407 |  16682 |   1725 |    483 |  13052 |  12 | 1533.9 |
        Temple |    114 |     98 |     16 |      0 |     90 |   1 |  114.0 |
          Lair |  11893 |  11512 |    381 |    815 |   8781 |   6 | 1982.2 |
  Orcish Mines |   1027 |    977 |     50 |    263 |    538 |   2 |  513.5 |
         Abyss |   1255 |   1255 |      0 |    454 |    124 |   1 | 1255.0 |
        Bazaar |    167 |    167 |      0 |      0 |    113 |   1 |  167.0 |
         Sewer |   2101 |   2101 |      0 |   1221 |    519 |   1 | 2101.0 |
       Ossuary |    541 |    541 |      0 |      0 |    419 |   1 |  541.0 |
               +--------+--------+--------+--------+--------+-----+--------+

Top non-repeatable levels by time:
  Lair:6: 4587 daAuts
     D:8: 2364 daAuts
     D:4: 2199 daAuts
   Sewer: 2101 daAuts
     D:5: 2047 daAuts
     D:7: 1932 daAuts
     D:3: 1828 daAuts
  Lair:5: 1669 daAuts
     D:6: 1634 daAuts
  Lair:2: 1594 daAuts
     D:9: 1583 daAuts
  Lair:1: 1530 daAuts
    D:11: 1499 daAuts
     D:1: 1481 daAuts
  Lair:4: 1290 daAuts
